 Dungeon Sprint DCSS version 0.30.1-3-gfc49f6343a (webtiles) character file.

Game seed: 2629712064980752550

4604 Revguard the Torchbearer (level 10, -4/84 HPs)
             Began as a Demonspawn Gladiator on July 30, 2023.
             Was a Priest of Yredelemnul.
             Slain by Vafusmof the pandemonium lord (26 damage)
             ... in the Dungeon (Sprint V: "Ziggurat Sprint").
             The game lasted 00:09:31 (434 turns).

Revguard the Torchbearer (Demonspawn Gladiator)      Turns: 434, Time: 00:09:31

Health: -4/84      AC: 32    Str: 22    XL:     10   Next: 19%
Magic:  18/18      EV:  6    Int: 10    God:    Yredelemnul [***...]
Gold:   0          SH: 31    Dex: 23    Spells: 9/9 levels left

rFire   + . .        H - +9 sword of Zonguldrok {reap}
rCold   + . .        I - +18 shield of the Gong {Loud rN+ Will+ rCorr EV-5}
rNeg    + . .        F - +15 Maxwell's patent armour {-Cast -Tele rElec Will+ rCorr}
rPois   +            (helmet restricted)
rElec   +            (no cloak)
rCorr   +            (no gloves)
SInv    .            (no boots)
Will    ++...        (no amulet) Stlth
                     z - +6 ring of strength
HPRegen 0.34/turn    v - +6 ring of dexterity
MPRegen 0.16/turn

%: no teleportation, no spellcasting
@: mighty, resistant, weakened
A: antennae 2, molten scales 2, foul stench 1, demonic magic 1
a: Renounce Religion, Recall Undead Harvest, Dark Bargain


You were in the Dungeon.
You worshipped Yredelemnul.
Yredelemnul was aware of your devotion.
You visited 1 branch

Inventory:

Hand Weapons
 a - a +0 long sword
 G - the +9 sword of Power {lifebolt}
   (You found it in the Dungeon)
 H - the +9 sword of Zonguldrok (weapon) {reap}
   (You found it in the Dungeon)
Missiles
 d - 3 throwing nets (quivered)
 e - a javelin
Armour
 b - a +0 leather armour
 c - a +0 helmet
 F - the +15 Maxwell's patent armour (worn) {-Cast -Tele rElec Will+ rCorr}
   (You found it in the Dungeon)

   rElec:     It insulates you from electricity.
   -Cast:     It prevents spellcasting.
   -Tele:     It prevents most forms of teleportation.
   rCorr:     It protects you from acid and corrosion.
   Will:      It increases your willpower.
 I - the +18 shield of the Gong (worn) {Loud rN+ Will+ rCorr EV-5}
   (You found it in the Dungeon)

   Loud:      It is deafeningly noisy when blocking attacks.
   EV:        It affects your evasion (-5).
   rN:        It protects you from negative energy.
   rCorr:     It protects you from acid and corrosion.
   Will:      It increases your willpower.
Jewellery
 o - a +6 ring of dexterity
 u - a ring of flight
 v - a +6 ring of dexterity (right hand)
 w - a +6 ring of dexterity
 x - a +6 ring of intelligence
 y - a +6 ring of intelligence
 z - a +6 ring of strength (left hand)
 A - a +6 ring of strength
 L - a ring of positive energy
 M - a +4 ring of protection
Wands
 B - a wand of flame (31)
 C - a wand of mindburst (15)
 D - a wand of iceblast (16)
 E - a wand of light (3)
 K - a wand of paralysis (5)
Scrolls
 k - 4 scrolls of blinking
 q - 4 scrolls of amnesia
 r - 7 scrolls of fog
 s - 5 scrolls of identify
 t - 2 scrolls of fear
Potions
 f - 9 potions of curing
 g - a potion of heal wounds
 h - 9 potions of haste
 i - 7 potions of magic
 j - a potion of berserk rage
 l - 2 potions of brilliance
 m - 2 potions of invisibility
 n - 2 potions of resistance
 p - 4 potions of might
Miscellaneous
 J - a tin of tremorstones (2/2)


   Skills:
 + Level 9.6 Fighting
 + Level 8.9 Long Blades
 - Level 1.7 Throwing
 + Level 8.8 Armour
 + Level 8.9 Dodging
 + Level 8.7 Shields
 + Level 11.9 Invocations
 + Level 9.1 Evocations


You had 9 spell levels left.
You didn't know any spells.
Your spell library contained the following spells:

 Spells                   Type           Power      Damage    Failure   Level
 Blink                    Tloc           0%         N/A       100%        2
 Searing Ray              Conj           0%         2d4       100%        2
 Static Discharge         Conj/Air       0%         2-2/arc   100%        2
 Wereblood                Tmut           0%         N/A       100%        2
 Gell's Gravitas          Tloc           0%         N/A       100%        3
 Hailstorm                Conj/Ice       0%         3d3       100%        3
 Inner Flame              Hex/Fire       0%         N/A       100%        3
 Teleport Other           Tloc           0%         N/A       100%        3
 Vhi's Electric Charge    Tloc/Air       0%         N/A       100%        3
 Volatile Blastmotes      Fire/Tloc      0%         2d10      100%        3
 Flame Wave               Conj/Fire      0%         2d4       100%        4
 Ice Form                 Ice/Tmut       0%         N/A       100%        4
 Alistair's Intoxication  Tmut/Pois      0%         N/A       100%        5
 Blade Hands              Tmut           0%         N/A       100%        5
 Summon Forest            Summ/Tloc      0%         N/A       100%        5
 Dispersal                Tloc           0%         N/A       100%        6
 Ignition                 Fire           0%         3d3       100%        8
 Lehudib's Crystal Spear  Conj/Erth      0%         10d2      100%        8
 Simulacrum               Ice/Necr       Unusable   N/A       N/A         6

Dungeon Overview and Level Annotations

Branches:
Dungeon (1/1)

Altars:
Ashenzari
Cheibriados
Dithmenos
Fedhas
Gozag
Hepliaklqana
Kikubaaqudgha
Makhleb
Nemelex Xobeh
Okawaru
Qazlal
Ru
Sif Muna
Trog
Uskayaw
Vehumet
Wu Jian
Xom
Yredelemnul
Jiyva
Lugonu

Annotations:
D 1 transporter


Innate Abilities, Weirdness & Mutations

You have a pair of antennae on your head.
You are mostly covered in molten scales. (AC +3)
You may rarely emit foul miasma when damaged in melee.
Spells you cast may paralyse adjacent enemies.


Message History

Your spectral smoke demon barely misses Vafusmof.
Your spectral smoke demon completely misses Vafusmof. x2
Your spectral soul eater barely misses Vafusmof.
Your rime drake zombie completely misses Vafusmof.
You block Vafusmof's attack.
PTOANNNG!
You completely miss Vafusmof.
Vafusmof is moderately wounded.
You block Vafusmof's attack.
BONNNG!
Your spectral red devil completely misses Vafusmof.
Your spectral smoke demon completely misses Vafusmof. x2
Your spectral smoke demon misses Vafusmof.
Your steam dragon zombie completely misses Vafusmof. x2
Your spectral soul eater completely misses Vafusmof.
Your rime drake zombie completely misses Vafusmof.
You block Vafusmof's attack.
BONNNG!
Your spectral smoke demon completely misses Vafusmof.
Your spectral smoke demon hits Vafusmof but does no damage.
Your spectral smoke demon completely misses Vafusmof.
Your spectral red devil completely misses Vafusmof.
Unknown command.
You completely miss Vafusmof.
Vafusmof is moderately wounded.
You recover from your berserk rage.
Vafusmof barely misses you.
Your spectral soul eater hits Vafusmof but does no damage.
Your steam dragon zombie completely misses Vafusmof. x2
Your rime drake zombie closely misses Vafusmof.
You block Vafusmof's attack.
PANG!
Your spectral smoke demon completely misses Vafusmof. x3
Your spectral red devil completely misses Vafusmof.
Your spectral soul eater misses Vafusmof.
You miss Vafusmof.
Vafusmof is moderately wounded.
Vafusmof hits you!!
You die...
Your body rises from the dead as a mindless zombie.

▓........▓.▓....▓.▓
▓...©....▓...©....▓
▓▓▓▓▓▓▓▓▓▓▓▓▓▓▓▓▓▓▓
▓...8©8...▓..8©8..▓
▓..:|:/...▓...|...▓
▓...)|"...▓..||[..▓
▓.........▓.......▓
▓...ZZ.)..▓.......▓
▓...Z&@...▓.......▓
▓...ZZ....▓.......▓
▓.▓.....▓.▓.▓...▓.▓
▓....©....▓...©...▓
▓▓▓▓▓▓▓▓▓▓▓▓▓▓▓▓▓▓▓
▓..8©8..▓


{{{{{ ▓..))|..▓ {{{ ▓..|)...▓ ▓.......▓ You could see Vafusmof (ally target), a
friendly spectral red devil, a friendly spectral smoke demon, a friendly
spectral soul eater, a friendly rime drake zombie and a friendly steam dragon
zombie.

Vanquished Creatures
  2 draconians (D)
  A rime drake (D)
  A red devil (D)
  2 merfolk (D)
  A steam dragon (D)
  A swamp drake (D)
  A black bear (D)
  A wolf (D)
  2 necrophages (D)
  2 wights (D)
  2 orc priests (D)
  2 orc wizards (D)
  An ufetubus (D)
19 creatures vanquished.

Vanquished Creatures (collateral kills)
  A soul eater (D)
  A smoke demon (D)
  A rime drake (D)
  3 merfolk (D)
  2 steam dragons (D)
  An acid dragon (D)
  3 swamp drakes (D)
  A black bear (D)
  A white imp (D)
  An ufetubus (D)
  A bat skeleton (D)
  A ball python zombie (D)
17 creatures vanquished.

Vanquished Creatures (others)
  A merfolk zombie (D)
  A wolf zombie (D)
  A black bear zombie (D)
  An acid dragon zombie (D)
  2 orc zombies (D)
  A spectral ufetubus (D)
7 creatures vanquished.

Grand Total: 43 creatures vanquished

Notes
Turn   | Place    | Note
-------+----------+-------------------------------------------
     0 | D        | Revguard the Demonspawn Gladiator began the quest for the
                  | Orb.
     0 | D        | Reached XP level 1. HP: 16/16 MP: 1/1
     0 | D        | Found a shimmering blue altar of Sif Muna.
     0 | D        | Found a bloodstained altar of Trog.
     0 | D        | Found a sacrificial altar of Ru.
     0 | D        | Found a stormy altar of Qazlal.
     0 | D        | Found an iron altar of Okawaru.
     1 | D        | Found a sparkling altar of Nemelex Xobeh.
     1 | D        | Found a blossoming altar of Fedhas.
     1 | D        | Found the +6 Majin-Bo {spellvamp, MP+6 Int+6}
     1 | D        | Found the +27 heavy crossbow "Sniper" {heavy, Acc+∞ SInv}
     1 | D        | Found the +10 dark maul {heavy}
     1 | D        | Found the +15 Maxwell's patent armour {-Cast -Tele rElec
                  | Will+ rCorr}
     1 | D        | Found the +18 shield of the Gong {Loud rN+ Will+ rCorr
                  | EV-5}
     1 | D        | Found the +16 obsidian axe {drain, demonic, Mesm Drain Fly
                  | SInv}
     1 | D        | Found the +7 great mace "Firestarter" {flame, immolate,
                  | rFlCloud rF++}
     1 | D        | Found the +6 shillelagh "Devastator" {shatter}
     1 | D        | Found the +11 plutonium sword {Contam Stlth-}
     1 | D        | Found the +8 lance "Wyrmbane" {slay drac, rPois rF+ rC+
                  | AC+3}
     1 | D        | Found the +9 sword of Zonguldrok {reap}
     1 | D        | Found the +13 scythe of Curses {drain, curses, Drain}
     1 | D        | Found the +9 sword of Power {lifebolt}
     1 | D        | Found the +7 mace of Variability {chaos, chaos arc}
     1 | D        | Found the +11 Singing Sword {sonic wave}
     1 | D        | Found the +8 storm bow {elec, penet}
     3 | D        | Found a transporter.
     3 | D        | Found an ancient bone altar of Kikubaaqudgha.
     3 | D        | Found a viscous altar of Jiyva.
     3 | D        | Found a corrupted altar of Lugonu.
     3 | D        | Found a hazy altar of Hepliaklqana.
     3 | D        | Found a burning altar of Makhleb.
     3 | D        | Found an opulent altar of Gozag.
    62 | D        | Became a worshipper of Yredelemnul the Dark
    65 | D        | Reached skill level 2 in Invocations
    65 | D        | Gained mutation: You may rarely emit foul miasma when
                  | damaged in melee. [demonic ancestry]
    65 | D        | Reached XP level 2. HP: 24/24 MP: 2/4
    78 | D        | Entered arena 2.
    78 | D        | Noticed a draconian
    78 | D        | Noticed a draconian
    78 | D        | Found a transporter.
    87 | D        | Killed a draconian
    87 | D        | Reached * piety under Yredelemnul
    88 | D        | Reached skill level 5 in Fighting
    88 | D        | Reached skill level 5 in Long Blades
    88 | D        | Reached skill level 5 in Armour
    88 | D        | Reached skill level 5 in Dodging
    88 | D        | Reached skill level 5 in Shields
    88 | D        | Reached skill level 6 in Invocations
    88 | D        | Reached skill level 5 in Evocations
    88 | D        | Reached XP level 3. HP: 34/34 MP: 4/7
    88 | D        | Reached XP level 4. HP: 40/40 MP: 5/9
    88 | D        | Gained mutation: You have a pair of small antennae on your
                  | head. [demonic ancestry]
    88 | D        | Reached XP level 5. HP: 46/46 MP: 5/10
    88 | D        | Gained mutation: You have a pair of antennae on your head.
                  | [demonic ancestry]
    88 | D        | Reached XP level 6. HP: 52/52 MP: 5/11
    90 | D        | Killed a draconian
    91 | D        | Reached skill level 7 in Invocations
    91 | D        | Gained mutation: You are partially covered in molten
                  | scales. (AC +2) [demonic ancestry]
    91 | D        | Reached XP level 7. HP: 59/59 MP: 5/12
   127 | D        | Entered arena 3.
   127 | D        | Found a transporter.
   132 | D        | Reached skill level 8 in Invocations
   133 | D        | Reached ** piety under Yredelemnul
   138 | D        | Got the Papyrus of Shifting Bombardment
   145 | D        | Entered arena 4.
   145 | D        | Noticed a steam dragon
   145 | D        | Found a transporter.
   149 | D        | Killed a steam dragon
   150 | D        | Gained mutation: Spells you cast may paralyse adjacent
                  | enemies. [demonic ancestry]
   150 | D        | Reached XP level 8. HP: 67/67 MP: 14/14
   154 | D        | Reached skill level 9 in Invocations
   163 | D        | Got the Quarto of Space
   165 | D        | Got the Almanac of Fascination and Fever
   170 | D        | Entered arena 5.
   170 | D        | Found a transporter.
   173 | D        | Reached *** piety under Yredelemnul
   182 | D        | Got Gaonas's More Wizardry
   188 | D        | Entered arena 6.
   188 | D        | Noticed a merfolk
   188 | D        | Noticed a merfolk
   188 | D        | Noticed a merfolk
   188 | D        | Noticed a merfolk
   188 | D        | Noticed a merfolk
   188 | D        | Found a transporter.
   195 | D        | Killed a merfolk
   197 | D        | Killed a merfolk
   197 | D        | Reached **** piety under Yredelemnul
   202 | D        | Killed a merfolk
   203 | D        | Reached skill level 10 in Invocations
   203 | D        | Gained mutation: You are mostly covered in molten scales.
                  | (AC +3) [demonic ancestry]
   203 | D        | Reached XP level 9. HP: 40/74 MP: 16/16
   204 | D        | Killed a merfolk
   207 | D        | Killed a merfolk
   309 | D        | Entered arena 7.
   309 | D        | Noticed a rime drake
   309 | D        | Noticed a rime drake
   310 | D        | Found a transporter.
   318 | D        | Killed a rime drake
   318 | D        | Reached ***** piety under Yredelemnul
   318 | D        | Killed a rime drake
   319 | D        | Reached skill level 11 in Invocations
   332 | D        | Entered arena 8.
   333 | D        | Found a transporter.
   371 | D        | Entered arena 9.
   371 | D        | Noticed a smoke demon
   371 | D        | Noticed a soul eater
   371 | D        | Noticed Vafusmof the pandemonium lord
   371 | D        | Noticed a red devil
   373 | D        | Found a transporter.
   383 | D        | Killed a smoke demon
   389 | D        | Killed a soul eater
   390 | D        | Reached XP level 10. HP: 28/83 MP: 15/18
   422 | D        | HP: 1/84 [Vafusmof the pandemonium lord (11)]
   434 | D        | Slain by Vafusmof the pandemonium lord

Illustrated notes

Levels and vault maps discovered:
D:        sprint_v [room_start, room_1, room_2, room_3, room_4, room_5, room_6,
          room_7, room_8, room_9, room_10, room_11, room_12, room_13, room_14,
          room_15, room_16, room_17, room_18, room_19, room_20, room_21,
          room_22, room_23, room_24, room_25, room_26, room_27]

Skill      XL: |  1  2  3  4  5  6  7  8  9 |
---------------+----------------------------+-----
Fighting       | 3 5 6 7 8 9 |  9.6
Long Blades    | 3 5 6 7 8 |  8.9
Armour         | 2 5 6 7 8 |  8.8
Dodging        | 3 5 6 7 8 |  8.9
Shields        | 2 5 6 7 8 |  8.7
Invocations    | 2 6 7 8 10 11 | 11.9
Evocations     | 2 5 6 7 9 |  9.1
Throwing       | |  1.7

Action                     |  1- 3 |  4- 6 |  7- 9 | 10-12 || total
---------------------------+-------+-------+-------+-------++-------
  Melee: Double sword      |     6 |     3 |    47 |    35 ||    91
 Invoke: Dark Bargain      |       |       |     1 |       ||     1
  Evoke: Wand              |       |       |     2 |     3 ||     5
    Use: Potion            |     3 |       |     9 |     5 ||    17
   Stab: Distracted        |       |       |     3 |       ||     3
         Invisible         |       |       |     1 |       ||     1
 Armour: Plate armour      |     2 |       |    35 |     9 ||    46
  Dodge: Dodged            |       |       |    16 |     2 ||    18
  Block: Kite shield       |    14 |     1 |   112 |    72 ||   199
